 Dungeon Crawl Stone Soup version 0.29-a0-1047-g7c58e119a4 (webtiles) character file.

Game seed: 4348078469305235718

814 Zeldest the Covered (level 7, -1/44 HPs)
             Began as a Gargoyle Fighter on Aug 16, 2022.
             Was a Priest of Ru.
             Slain by an orc wizard
             ... wielding a +2 dagger of speed
              (4 damage)
             ... on level 4 of the Dungeon.
             The game lasted 00:04:00 (4139 turns).

Zeldest the Covered (Gargoyle Fighter)              Turns: 4139, Time: 00:04:00

Health: -1/44      AC: 17    Str: 22    XL:     7   Next: 93%
Magic:  7/7        EV:  6    Int:  8    God:    Ru [***...]
Gold:   246        SH:  0    Dex:  9    Spells: 6/6 levels left

rFire   . . .      SeeInvis .   a - +0 war axe
rCold   + . .      Faith    .   (shield unavailable)
rNeg    + . .      Spirit   .   p - +0 plate armour
rPois   ∞          Reflect  .   (no helmet)
rElec   +          Harm     .   (no cloak)
rCorr   .          Rampage  .   (no gloves)
Will    .....                   (no boots)
Stlth   ..........              (no amulet)
HPRegen 0.14/turn               (ring unavailable)
MPRegen 0.10/turn               t - ring of protection from cold

@: studying Ranged Weapons
A: sickness immunity, AC +4, negative energy resistance 1, electricity
resistance, torment resistance 1, petrification resistance, missing a hand
a: Renounce Religion, Draw Out Power


You were on level 4 of the Dungeon.
You worshipped Ru.
Ru was most pleased with you.
You visited 2 branches of the dungeon, and saw 6 of its levels.

You collected 246 gold pieces.

Inventory:

Hand Weapons
 a - a +0 war axe (weapon)
Armour
 p - a +0 plate armour (worn)
Jewellery
 m - a ring of magical power
 s - a ring of positive energy
 t - a ring of protection from cold (right hand)
Scrolls
 d - a scroll of enchant weapon {unknown}
 e - a scroll of silence {unknown}
 j - 4 scrolls of teleportation {unknown}
 k - 2 scrolls of identify
 n - a scroll of brand weapon {unknown}
 q - a scroll of noise {unknown}
 r - a scroll of immolation {unknown}
Potions
 c - a potion of magic {unknown}
 f - a potion of cancellation
 g - a potion of ambrosia {unknown}
 h - a potion of heal wounds {unknown}
 i - a potion of attraction {unknown}
 l - a potion of lignification {unknown}
 o - 2 potions of mutation
 u - a potion of berserk rage {unknown}
 v - 2 potions of haste {unknown}


   Skills:
 + Level 5.3 Fighting
 * Level 5.2 Axes
 + Level 5.3 Armour
 + Level 0.4 Dodging
   Level 0.0 Shields


You had 6 spell levels left.
You didn't know any spells.
Your spell library contained the following spells:

 Spells                   Type           Power      Damage    Failure   Level
 Magic Dart               Conj           0%         1d3       100%        1
 Call Imp                 Summ           0%         N/A       100%        2
 Mephitic Cloud           Conj/Pois/Air  0%         N/A       100%        3


Dungeon Overview and Level Annotations

Branches:
Dungeon (5/15)             Temple (1/1) D:4

Altars:
Ashenzari
Dithmenos
Qazlal
Ru
Sif Muna
Uskayaw
Wu Jian
Xom


Innate Abilities, Weirdness & Mutations

You are immune to sickness and miasma.
Your stone body is resilient. (AC +4)
You are immune to poison.
You resist negative energy. (rN+)
You are resistant to electric shocks. (rElec)
You are resistant to unholy torment.
You are immune to petrification.
You are missing a hand.


Message History

A puff of flame appears from out of thin air!
The puff of flame hits you!
* * * LOW HITPOINT WARNING * * *
Something hits you but does no damage.
You feel less confused. Something hits you.
* * * LOW HITPOINT WARNING * * *
Things that are here:
a +0 flail; an orc corpse You feel better.
You redirect something's attack!
Something hits you but does no damage. x2
You barely miss something. x2; Something hits you.
* * * LOW HITPOINT WARNING * * *
Something hits you.
* * * LOW HITPOINT WARNING * * *
You redirect something's attack!
Something hits you but does no damage.
You barely miss something. You miss something.
You hear some strange, mumbled words.
A magic dart appears from out of thin air!
The magic dart hits you but does no damage.
Something hits you but does no damage. x2
You barely miss something. You miss something.
Something hits you but does no damage.
You redirect something's attack!
Something hits you.
* * * LOW HITPOINT WARNING * * *
You redirect something's attack!
You closely miss something. You barely miss something.
Something hits you but does no damage. Something hits you.
* * * LOW HITPOINT WARNING * * *
Something hits you but does no damage.
You barely miss something. You slash something!
Reactivating autopickup.
You feel a bit more experienced. Something hits you but does no damage.
Deactivating autopickup; reactivate with Ctrl-A.
You barely miss something. Something hits you but does no damage.
You miss something. Something hits you but does no damage. Something hits you.
You die...

##### #### #...##### #...
#.......# #.##
##############)......########...
##)............{@.....'......'...
....####..............########...
....# #.######.......##### #...
....# #.# #.######....# #.#.
....# #.# #.# #....# #.## ....#
#.######'######....####.## ....#
#............['.........#.
....####.........#####...[.##..#.
.................# #.....##..#.


There were no monsters in sight!

Vanquished Creatures
  The ghost of voltaire321 the Caller, an amateur OpSu (D:4)
  An ogre (D:4)
  2 centaurs (D:4)
  A phantom (D:4)
  2 scorpions (D:4)
  An iguana (D:4)
  Jessica (D:2)
  2 orc wizards
  Robin (D:2)
  5 adders
  An ufetubus (D:4)
  2 worms
  5 dart slugs
  6 orcs
  8 ball pythons
  7 bats
  5 endoplasms
  2 giant cockroaches
  11 goblins
  4 hobgoblins
  6 jackals (D:4)
  3 quokkas
  6 frilled lizards
  5 kobolds
  3 rats
91 creatures vanquished.

Notes
Turn   | Place    | Note
-------+----------+-------------------------------------------
     0 | D:1      | Zeldest the Gargoyle Fighter began the quest for the Orb.
     0 | D:1      | Reached XP level 1. HP: 14/14 MP: 1/1
   142 | D:1      | Reached XP level 2. HP: 18/19 MP: 2/2
   676 | D:2      | Noticed Robin
   679 | D:2      | Reached XP level 3. HP: 21/23 MP: 3/3
   686 | D:2      | Killed Robin
   803 | D:2      | Reached XP level 4. HP: 20/29 MP: 4/4
   845 | D:2      | Found a faded altar of an unknown god.
  1070 | D:2      | You fall into a shaft and drop 2 floors!
  1120 | D:4      | Noticed a centaur
  1120 | D:4      | Noticed a centaur
  1129 | D:4      | Killed a centaur
  1130 | D:4      | Reached XP level 5. HP: 15/33 MP: 5/5
  1131 | D:4      | Killed a centaur
  1132 | D:4      | Reached XP level 6. HP: 16/38 MP: 6/6
  1355 | D:4      | Found a staircase to the Ecumenical Temple.
  1739 | Temple   | Entered the Ecumenical Temple
  1840 | Temple   | Became a worshipper of Ru the Awakened
  1908 | D:4      | Reached XP level 7. HP: 44/44 MP: 7/7
  2209 | D:4      | HP: 1/44 [ogre/+0 giant spiked club (15)]
  2569 | D:4      | Found a runed translucent gate.
  2569 | D:4      | Found a runed translucent gate.
  2569 | D:4      | Found a runed translucent gate.
  2570 | D:4      | Noticed voltaire321's ghost (amateur OpSu)
  2653 | D:4      | Reached skill level 5 in Armour
  2736 | D:4      | Reached skill level 5 in Shields
  2850 | D:4      | Killed voltaire321's ghost
  2851 | D:4      | Reached skill level 5 in Fighting
  2851 | D:4      | Reached skill level 5 in Axes
  3210 | D:3      | Found a shadowy altar of Dithmenos.
  3269 | D:3      | Found a broken altar of Ashenzari.
  3274 | D:3      | Gained mutation: You are missing a hand. [Ru sacrifice]
  3274 | D:3      | Reached * piety under Ru
  3274 | D:3      | Reached ** piety under Ru
  3274 | D:3      | Reached *** piety under Ru
  3768 | D:2      | Noticed Jessica
  3788 | D:2      | Killed Jessica
  4098 | D:5      | Entered Level 5 of the Dungeon
  4139 | D:4      | Slain by an orc wizard

Illustrated notes

Levels and vault maps discovered:
D:1:      spicycebolla_green_bress_n_ham_2, layout_loops_ring
D:2:      layout_rooms, hellmonk_ecumenical_altar_slurped_away,
          dk_noncrumbling_2, minmay_fractal_squares_5, uniq_robin, uniq_jessica
D:3:      layout_loops_corners, overflow_temple_1_default,
          nicolae_dithmenos_through_a_glass_darkly
D:4:      layout_basic, minmay_temple_entry_sparse_star,
          ebering_ghost_rock_garden, minmay_manual_mares
D:5:      layout_basic, mainiacjoe_overflow_alcove_4, serial_curves,
          eino_curves_04, eino_curves_04
Temple:   regret_index_temple_generic_petals

Skill      XL: |  1  2  3  4  5  6  7 |
---------------+----------------------+-----
Axes           | 2 3 4 5 |  5.2
Fighting       | 4 5 |  5.3
Armour         | 4 5 |  5.3
Shields        | 4 0 |  0.0
Dodging        | |  0.4

Action                   |  1- 3 |  4- 6 |  7- 9 || total
-------------------------+-------+-------+-------++-------
Melee: War axe           |    64 |    81 |   118 ||   263
Invok: Sacrifice a Hand  |       |       |     1 ||     1
  Use: Scroll            |       |       |     3 ||     3
       Potion            |       |       |     2 ||     2
Armor: Scale mail        |    60 |       |       ||    60
       Plate armour      |       |   101 |   110 ||   211
Dodge: Dodged            |    40 |    40 |    37 ||   117
Block: Buckler           |    21 |    31 |    11 ||    63

Table legend: (Time is in decaauts)
 A = Elapsed time spent in this place.
 B = Non-inter-level travel time spent in this place.
 C = Inter-level travel time spent in this place.
 D = Time resting spent in this place.
 E = Time spent auto-exploring this place.
 F = Levels seen in this place.
 G = Mean time per level.
                   A        B        C        D        E       F      G
               +--------+--------+--------+--------+--------+-----+--------+
         Total |   4228 |   3976 |    252 |    675 |   2617 |   6 |  704.7 |
       Dungeon |   4076 |   3875 |    201 |    675 |   2524 |   5 |  815.2 |
        Temple |    152 |    101 |     51 |      0 |     93 |   1 |  152.0 |
               +--------+--------+--------+--------+--------+-----+--------+

Top non-repeatable levels by time:
     D:4: 1808 daAuts
     D:3: 873 daAuts
     D:2: 726 daAuts
     D:1: 657 daAuts
  Temple: 152 daAuts
     D:5: 10 daAuts
